 Dungeon Crawl Stone Soup version 0.30-a0-939-gc8157cb160 (webtiles) character file.

Game seed: 8339229098217648951

685 Zorock the Covered (level 7, -2/63 HPs)
             Began as an Armataur Berserker on Mar 25, 2023.
             Was a Priest of Trog.
             Shot with an arrow by a centaur (8 damage)
             ... on level 5 of the Dungeon.
             The game lasted 00:38:26 (4063 turns).

Zorock the Covered (Armataur Berserker)             Turns: 4063, Time: 00:38:26

Health: -2/63      AC:  6    Str: 25    XL:     7   Next: 35%
Magic:  7/7        EV:  9    Int:  7    God:    Trog [***...]
Gold:   238        SH:  0    Dex:  9    Spells: 6/6 levels left

rFire   . . .      SeeInvis .    n - +1 hand axe
rCold   . . .      Faith    .    (no shield)
rNeg    . . .      Spirit   .    l - +0 ring mail
rPois   .          Reflect  .    (no helmet)
rElec   .          Roll     +    (no cloak)
rCorr   .                        (no gloves)
Will    .....                    (no barding)
Stlth   +                        o - amulet of magic regeneration
HPRegen 0.30/turn                x - +4 ring of slaying
MPRegen 0.50/turn                (no ring)

@: no status effects
A: large, rugged brown scales 3, deformed body, armoured tail, roll, long
tongue, awkward tongue
a: Renounce Religion, Berserk, Trog's Hand


You were on level 5 of the Dungeon.
You worshipped Trog.
Trog was most pleased with you.
You visited 1 branch of the dungeon, and saw 6 of its levels.

You collected 238 gold pieces.

Inventory:

Hand Weapons
 a - a +0 hand axe
 e - a +0 war axe
 k - a +0 mace
 n - a +1 hand axe (weapon)
 s - a +0 spear
 y - a +0 long sword
 A - a +0 dagger of draining
 B - a +0 trident
Missiles
 m - 4 poisoned darts (quivered)
Armour
 b - a +0 animal skin
 f - a +0 leather armour
 g - a +0 robe
 l - a +0 ring mail (worn)
 w - a +0 ring mail
 C - a +0 chain mail
Jewellery
 o - an amulet of magic regeneration (around neck)
 x - a +4 ring of slaying (left hand)
Scrolls
 c - a scroll of silence
 j - 2 scrolls of identify
 q - 3 scrolls of vulnerability
Potions
 d - a potion of curing {unknown}
 i - a potion of flight {unknown}
 p - 2 potions of brilliance
 r - 3 potions of magic
 u - a potion of mutation {unknown}
 v - a potion of attraction {unknown}


   Skills:
 + Level 4.1 Fighting
 + Level 5.1 Axes
 + Level 5.2 Armour
 + Level 2.2 Dodging
 + Level 1.1 Stealth


You had 6 spell levels left.
You didn't know any spells.
Your spell library contained the following spells:

 Spells                   Type           Power      Damage    Failure   Level
 Kiss of Death            Conj/Necr      0%         2d5       56%         1
 Confusing Touch          Hex            0%         N/A       90%         3
 Dispel Undead            Necr           0%         3d6       100%        4


Dungeon Overview and Level Annotations

Branches:
Dungeon (6/15)
 Temple: D:4-7

Altars:
Makhleb

Annotations:
D:6 Menkaure


Innate Abilities, Weirdness & Mutations

You are completely covered in rugged brown scales. (AC +3, +7% HP)
Armour fits poorly on your strangely shaped body.
You have a long armoured tail.
You roll when moving toward enemies. (Rampage)
Your long tongue fully drains potion bottles. (2x potion effects)
Your tongue gives you trouble enunciating. (1.5x scroll delay)


Message History

You enter the shallow water.
Something hits you.
You hear a splashing noise. x2
Something hits you! Something hits you.
You see here an orc corpse.
Something hits you. Something hits you but does no damage.
You enter the shallow water.
Something hits you but does no damage. Something hits you. x2
Something hits you but does no damage. Something hits you. x2
Something hits you!
* * * LOW HITPOINT WARNING * * *
Something hits you!
* * * LOW HITPOINT WARNING * * *
There is an open door, spattered with blood here.
Something hits you!
* * * LOW HITPOINT WARNING * * *
As you slowly read the scroll of fear, it crumbles to dust.
You assume a fearsome visage.
There is an open door, spattered with blood here.
You close the door.
There is a stone staircase leading up here.
You climb upwards.
The orc shouts!
The iguana hisses angrily.
Reactivating autopickup.
A centaur comes into view.
Found a scroll labelled ROMINE XIEMIDU.
There is a stone staircase leading down here.
The centaur shouts!
Found a scroll of fear.
Blink to where?
Press: ? - help, Dir - move target
Okay, then.
Blink to where?
Press: ? - help, Dir - move target
Found a stone staircase leading up.
As you slowly read the scroll of blinking, it crumbles to dust.
The centaur wields a +0 shortbow.
The centaur shoots an arrow.
The arrow hits you!
You die...

.. .. #..#
.. #..# ..
#..# .. #..#
## #..# #
#..# #..##
#@..# #...#
..#.?.#
#......#
##.....#
##c.....
###.f#....
##....###<.#
###....l#
##.#


You could see a sleepcap and a centaur.

Vanquished Creatures
  A yak (D:6)
  An orc warrior (D:6)
  A phantom (D:4)
  A scorpion (D:4)
  A hound (D:4)
  3 sleepcaps
  2 iguanas
  An orc wizard (D:3)
  An adder (D:4)
  An ufetubus (D:4)
  A worm (D:2)
  2 dart slugs
  13 orcs
  7 ball pythons
  5 endoplasms
  6 giant cockroaches
  11 goblins
  6 hobgoblins
  3 jackals (D:3)
  6 kobolds
  A quokka (D:1)
  2 bats
  12 frilled lizards (D:1)
  6 rats
94 creatures vanquished.

Notes
Turn   | Place    | Note
-------+----------+-------------------------------------------
     0 | D:1      | Zorock the Armataur Berserker began the quest for the Orb.
     0 | D:1      | Reached XP level 1. HP: 19/19 MP: 1/1
   439 | D:1      | Reached XP level 2. HP: 26/27 MP: 2/2
  1246 | D:1      | Reached XP level 3. HP: 33/33 MP: 3/3
  1984 | D:2      | Reached ** piety under Trog
  2681 | D:3      | Reached XP level 4. HP: 33/40 MP: 4/4
  3409 | D:4      | Reached XP level 5. HP: 45/48 MP: 5/5
  3602 | D:4      | Reached XP level 6. HP: 52/55 MP: 6/6
  3746 | D:4      | Reached *** piety under Trog
  3819 | D:5      | Entered Level 5 of the Dungeon
  3828 | D:5      | Found a burning altar of Makhleb.
  3976 | D:6      | Noticed Menkaure
  3980 | D:6      | Noticed an orc warrior
  3990 | D:6      | Killed an orc warrior
  3991 | D:6      | Reached skill level 1 in Stealth
  3991 | D:6      | Reached XP level 7. HP: 45/63 MP: 7/7
  4004 | D:6      | Noticed a yak
  4014 | D:6      | Killed a yak
  4015 | D:6      | Reached skill level 5 in Axes
  4015 | D:6      | Reached skill level 5 in Armour
  4050 | D:6      | HP: 2/63 [something (7)]
  4063 | D:5      | Shot with an arrow by a centaur

Illustrated notes

Levels and vault maps discovered:
D:1:      shiori_shiawase, layout_basic, minmay_lizard_pond
D:2:      layout_loops_ring, corexii_corridor_pit, kennysheep_cross_bottleneck
D:3:      layout_basic
D:4:      layout_basic, dk_vineyard_2, hellmonk_no_cap
D:5:      layout_cave_pods, nicolae_overflow_crystal_walls,
          minmay_temple_entry_hall, nrook_campfire, uniq_pikel
D:6:      cheibrodos_two_vegetables, layout_rooms,
          nicolae_ru_great_annihilating_truth, portal_sewer_entry_e,
          uniq_menkaure, uniq_eustachio

Skill      XL: |  1  2  3  4  5  6  7 |
---------------+----------------------+-----
Fighting       | 3 4 |  4.1
Axes           | 3 4 5 |  5.1
Armour         | 3 4 5 |  5.2
Dodging        | 2 |  2.2
Stealth        | 1 |  1.1

Action                     |  1- 3 |  4- 6 |  7- 9 || total
---------------------------+-------+-------+-------++-------
  Melee: Hand axe          |   137 |   117 |    14 ||   268
         Tailslap          |    17 |    19 |     1 ||    37
 Invoke: Berserk           |     1 |       |       ||     1
    Use: Scroll            |     8 |     4 |     2 ||    14
         Potion            |       |     2 |     2 ||     4
   Stab: Sleeping          |     2 |       |       ||     2
 Armour: Animal skin       |    24 |       |       ||    24
         Ring mail         |    23 |    33 |    12 ||    68
  Dodge: Dodged            |    57 |    49 |     1 ||   107

Table legend: (Time is in decaauts)
 A = Elapsed time spent in this place.
 B = Non-inter-level travel time spent in this place.
 C = Inter-level travel time spent in this place.
 D = Time resting spent in this place.
 E = Time spent auto-exploring this place.
 F = Levels seen in this place.
 G = Mean time per level.
                   A        B        C        D        E       F      G
               +--------+--------+--------+--------+--------+-----+--------+
         Total |   4112 |   4060 |     52 |   1366 |    427 |   6 |  685.3 |
       Dungeon |   4112 |   4060 |     52 |   1366 |    427 |   6 |  685.3 |
               +--------+--------+--------+--------+--------+-----+--------+

Top non-repeatable levels by time:
     D:1: 1844 daAuts
     D:2: 841 daAuts
     D:3: 616 daAuts
     D:4: 563 daAuts
     D:6: 135 daAuts
     D:5: 111 daAuts
